 Dungeon Crawl Stone Soup version 0.23-a0-767-gdc19b93d68 (webtiles) character file.

5420 Artagas the Gouger (level 10, -9/45 (46) HPs)
             Began as a Felid Transmuter on Jan 27, 2019.
             Was a Believer of Nemelex Xobeh.
             Killed from afar by a death drake (13 damage)
             ... with a foul vapour
             ... on level 1 of the Lair of Beasts.
             The game lasted 00:49:26 (21983 turns).

Artagas the Gouger (Felid Transmuter)              Turns: 21983, Time: 00:49:27

HP:   -9/45 (46)    AC:  2    Str:  6    XL:     10   Next: 40%
MP:   13/17         EV: 25    Int: 18    God:    Nemelex Xobeh [**....]
Gold: 252           SH:  0    Dex: 20    Spells: 1/17 levels left
                                        Lives: 0   Deaths: 3

rFire    . . .     SeeInvis +     - Unarmed
rCold    . . .     Gourm    .   (shield unavailable)
rNeg     . . .     Faith    .   (armour unavailable)
rPois    +         Spirit   .   (helmet unavailable)
rElec    .         Reflect  .   (cloak unavailable)
rCorr    .         Harm     .   (gloves unavailable)
MR       +....                  (boots unavailable)
Stlth    +.........             x - amulet of magic regeneration
HPRegen  0.15/turn              o - ring of poison resistance
MPRegen  0.40/turn              y - +3 ring of dexterity

@: lethally poisoned (-9 -> -27), blade paws (expiring), hasted, very quick
A: very small, no armour, no weapons or thrown items, stealth, claws 1, fangs 3,
see invisible, carnivore, speed 1, shaggy fur 2, slow metabolism 1
a: End Transformation, Draw Escape, Draw Destruction, Draw Summoning, Renounce
Religion


You were on level 1 of the Lair of Beasts.
You worshipped Nemelex Xobeh.
Nemelex Xobeh was pleased with you.
You were very full.
You had blades for front paws.
You visited 3 branches of the dungeon, and saw 12 of its levels.
You visited the Abyss 1 time.

You collected 524 gold pieces.
You spent 272 gold pieces at shops.

Inventory:

Missiles
 a - 92 arrows
Jewellery
 f - an uncursed ring of protection from fire
   (You found it on level 3 of the Dungeon)
 i - an uncursed amulet of harm {unknown}
   (You found it on level 1 of the Lair of Beasts)
 o - a ring of poison resistance (left scythe-like blade)
   (You found it on level 10 of the Dungeon)
 x - an amulet of magic regeneration (around neck)
   (You found it on level 8 of the Dungeon)
 y - a +3 ring of dexterity (right scythe-like blade)
   (You found it on level 8 of the Dungeon)
 D - an uncursed ring of protection from fire
   (You found it on level 3 of the Dungeon)
Wands
 k - a wand of polymorph (13)
   (You found it on level 7 of the Dungeon)
 m - a wand of flame (19)
   (You took it off Jessica on level 3 of the Dungeon)
 s - a wand of random effects (17)
   (You found it on level 8 of the Dungeon)
 v - a wand of digging (8)
   (You found it on level 7 of the Dungeon)
 B - a wand of paralysis (4)
   (You found it on level 10 of the Dungeon)
Scrolls
 b - 2 scrolls of amnesia
 c - 2 scrolls of fear
 d - 3 scrolls of fog
 p - a scroll of magic mapping
 r - 2 scrolls of identify
 t - 4 scrolls of teleportation
 u - a scroll of immolation {unknown}
 w - 3 scrolls of remove curse
Potions
 g - 5 potions of flight
 h - a potion of haste
 j - 2 potions of lignification
 l - a potion of magic
 n - a potion of resistance
 q - a potion of curing
 z - a potion of invisibility {unknown}
 A - 4 potions of might
 C - 2 potions of mutation {unknown}
 E - 2 potions of cancellation
 F - a potion of agility {unknown}
Comestibles
 e - 18 rations


   Skills:
 + Level 6.7 Fighting
 + Level 8.7 Dodging
 + Level 10.4 Unarmed Combat
 - Level 4.0 Spellcasting
 - Level 5.0 Hexes
 - Level 10.0 Transmutations
 + Level 5.1 Invocations


You had one spell level left.
You knew the following spells:

 Your Spells              Type           Power        Failure   Level  Hunger
a - Blade Hands           Tmut           #####.....   38%         5    ######.
b - Sticks to Snakes      Tmut           #####...     11%         2    ##.....
c - Spider Form           Tmut/Pois      ###.......   34%         3    ###....
d - Confusing Touch       Hex            ###...       21%         1    None
e - Animate Skeleton      Necr           N/A          54%         1    None
f - Ice Form              Ice/Tmut       ###.....     61%         4    ####...

Your spell library contained the following spells:

 Spells                   Type           Power        Failure   Level  Hunger
 Beastly Appendage        Tmut           #####.       10%         1    None
 Apportation              Tloc           #.....       54%         1    None
 Summon Small Mammal      Summ           #...         54%         1    None


Dungeon Overview and Level Annotations

Branches:
Dungeon (10/15)            Temple (1/1) D:5            Lair (1/6) D:9
    Orc (0/2) D:10

Altars:
Ashenzari
Cheibriados
Dithmenos
Elyvilon
Fedhas
Gozag
Hepliaklqana
Kikubaaqudgha
Makhleb
Nemelex Xobeh
Okawaru
Qazlal
Ru
Sif Muna
Trog
Uskayaw
Vehumet
Wu Jian
Xom
Yredelemnul
Zin
The Shining One

Shops:
D:6 [   D:8 *:%}   D:10 (

Annotations:
D:6 3 runed doors, Tinylith's ghost, novice DsFi
Lair:1 2 exclusions


Innate Abilities, Weirdness & Mutations

You cannot wear armour.
You are incapable of wielding weapons or throwing items.
Your paws allow you to move quietly. (Stealth)
You have sharp claws.
You have razor-sharp teeth.
You have supernaturally acute eyesight. (SInv)
You are carnivorous and can eat meat at any time.
You cover ground quickly.
You are covered in thick fur. (AC +2)
You have a slow metabolism.
((Your sharp claws are effective at attacking unaware monsters.))


Message History

The spark wasp twists and deforms.
You draw a card...
You have drawn Pain.
Press: ? - help, Shift-Dir - straight line, f/p - spark wasp
Aim: a spark wasp (misshapen and mutated)
The spark wasp convulses!
You draw a card...
You have drawn the Storm.
A fierce wind blows from the card.
The spark wasp and your air elemental are blown away by the wind.
Lightning arcs down from a storm cloud! x2
Lightning arcs down from a storm cloud!
Your air elemental misses the spark wasp.
Your air elemental hits the spark wasp.
Evoke which item? (* to show all) (? for menu, Esc to quit)
Okay, then.
You draw a card...
You have drawn Pain.
Press: ? - help, Shift-Dir - straight line, f/p - spark wasp
Aim: a spark wasp (thunder, heavily wounded, misshapen and mutated)
The bolt of negative energy misses the spark wasp.
Your air elemental barely misses the spark wasp.
Okay, then.
Casting: Blade Hands (safe; 7% risk of failure)
Confirm with . or Enter, or press ? or * to list all spells.
You create 3 snakes!
You now have 92 arrows.
Your air elemental hits the spark wasp!
The spark wasp stings your air elemental!!
The spark wasp shocks your air elemental.
Your air elemental completely resists.
Your air elemental closely misses the spark wasp.
The spark wasp stings your air elemental!
Your air elemental is destroyed!
The spark wasp buzzes angrily.
Casting: Sticks to Snakes (safe; 1% risk of failure)
Confirm with . or Enter, or press ? or * to list all spells.
Your front paws turn into razor-sharp scythe blades.
Your ball python closely misses the spark wasp. x2
Lightning arcs down from a storm cloud!
You barely miss the spark wasp.
The spark wasp is severely wounded.
You hear a croak.
The spark wasp bursts into living lightning!
The living lightning hits you!
Ouch! That really hurt!
The living lightning hits your ball python.
Your ball python dies!
The spark wasp blinks!
What are your orders? t - Meow!
Orders for allies: a - Attack new target. p - Attack previous target. r - Retreat! s - Stop attacking. g - Guard the area. f - Follow me.
Anything else - Cancel.
Gang up on whom?
Press: ? - help, Dir - move target cursor, f/p - spark wasp
Aim: a spark wasp (thunder, severely wounded, misshapen and mutated) Attack!
Your adder bites the spark wasp but does no damage.
The spark wasp bursts into living lightning!
The living lightning hits your adder.
Your adder dies!
The living lightning hits you!
* * * LOW HITPOINT WARNING * * *
The spark wasp blinks!
Lightning arcs down from a storm cloud!
Okay, then.
Evoke which item? (* to show all) (? for menu, Esc to quit)
Aiming: Paralyse
Press: ? - help, Shift-Dir - straight line, f/p - spark wasp
Aim: a spark wasp (severely wounded, misshapen and mutated, chance to defeat MR: 37%)
Okay, then.
Evoke which item? (* to show all) (? for menu, Esc to quit)
Okay, then.
Okay, then.
You draw a card...
You have drawn Pain.
Press: ? - help, Shift-Dir - straight line, f/p - spark wasp
Aim: a spark wasp (severely wounded, misshapen and mutated)
The spark wasp convulses!
Your transformation is almost over.
The spark wasp bursts into living lightning!
The living lightning hits your ball python.
Your ball python dies!
The living lightning misses you.
The spark wasp blinks!
You draw a card...
You have drawn Pain.
Press: ? - help, Shift-Dir - straight line, f/p - spark wasp
Aim: a spark wasp (thunder, almost dead, misshapen and mutated)
The spark wasp convulses!
The spark wasp bursts into living lightning!
The living lightning misses you.
The spark wasp blinks!
You draw a card...
You have drawn Degeneration.
The spark wasp evaporates and reforms as a death drake!
The death drake twists and deforms.
Lightning arcs down from a storm cloud!
Okay, then.
You feel yourself speed up. The death drake breathes miasma at you.
The foul vapour engulfs you!
You are lethally poisoned!
You feel your flesh rotting away!
You die...
Your body disappears without a glow.

##...# ##....# #..#
###..###
#....#####.)## #...##
#.....#.##...####
#..##
##..§k##§.......#
..##
#.#§§○#...####..#####
### ###.§○...##
#.#...#.# # ##○...##
######.... #☼.###
##......... ##@##
#.......... #...#
#.......... ##..##
#.......... ###§.##
##......... #.#.##
#......... ##.##
##..÷..... #..#
##<...... ##.##
#....... ##..#
##.....#


You could see a death drake.

Vanquished Creatures
  Pikel (D:7)
  A wizard (D:10)
  A kobold demonologist (D:6)
  A komodo dragon (Lair:1)
  2 hippogriffs
  A shadow (D:10)
  9 yaks (Lair:1)
  A hungry ghost (D:8)
  A water moccasin (Lair:1)
  Duvessa (D:7)
  2 porcupines (Lair:1)
  4 sky beasts
  6 orc warriors
  3 ice beasts
  2 phantoms
  3 slaves
  2 centaurs
  A necrophage (D:5)
  3 wolves (Lair:1)
  4 ogres
  A crocodile (Lair:1)
  A big kobold (D:10)
  9 bullfrogs
  A scorpion (D:10)
  5 crimson imps
  A quasit (D:9)
  2 centaur skeletons
  10 orc priests
  3 jellies
  4 hounds
  16 orc wizards
  3 iguanas
  Jessica (D:3)
  7 worker ants
  A killer bee zombie (D:7)
  A hound zombie (D:3)
  13 adders
  3 worms (D:2)
  A dart slug (D:3)
  5 leopard geckos
  30 orcs
  4 giant cockroaches
  7 goblins
  13 hobgoblins
  19 jackals
  4 quokkas
  8 bats
  4 frilled lizards
  18 kobolds
  2 leopard gecko skeletons
  A leopard gecko zombie (D:8)
  3 quokka zombies
  7 rats
  A bush (Abyss:3)
258 creatures vanquished.

Vanquished Creatures (collateral kills)
  A mana viper (Lair:1)
  2 spiny frogs (Lair:1)
  A yaktaur (Lair:1)
  A komodo dragon (D:10)
  A wind drake (Lair:1)
  A water moccasin (D:8)
  An orc warrior (D:10)
  An ogre (D:6)
  An iguana (D:5)
  An orc (D:10)
  A quokka (D:6)
  A bat (D:2)
13 creatures vanquished.

Vanquished Creatures (others)
  A slave (D:7)
  Dowan (D:7)
  4 fungi (Lair:1)
  7 plants (Lair:1)
13 creatures vanquished.

Grand Total: 284 creatures vanquished

Notes
Turn   | Place    | Note
-------+----------+-------------------------------------------
     0 | D:1      | Artagas the Felid Transmuter began the quest for the Orb.
     0 | D:1      | Reached XP level 1. HP: 9/9 MP: 4/4
   260 | D:1      | Reached XP level 2. HP: 5/12 MP: 3/6
   263 | D:1      | Reached skill level 3 in Dodging
   269 | D:1      | Learned a level 2 spell: Sticks to Snakes
  1415 | D:2      | Reached XP level 3. HP: 15/15 MP: 5/7
  2203 | D:2      | Reached XP level 4. HP: 14/19 MP: 8/8
  2368 | D:2      | Found an ancient bone altar of Kikubaaqudgha.
  2467 | D:2      | Reached skill level 2 in Fighting
  2507 | D:2      | Reached skill level 3 in Transmutations
  2525 | D:2      | Learned a level 3 spell: Spider Form
  3592 | D:3      | Noticed Jessica
  3784 | D:3      | Killed Jessica
  3784 | D:3      | Reached XP level 5. HP: 13/22 MP: 1/10
  4166 | D:3      | Reached skill level 4 in Dodging
  4646 | D:3      | Reached skill level 4 in Unarmed Combat
  4768 | D:3      | Found a deep blue altar of Sif Muna.
  4777 | D:3      | Found a basalt altar of Yredelemnul.
  4777 | D:3      | Found a glowing golden altar of the Shining One.
  4778 | D:3      | Found a stormy altar of Qazlal.
  6517 | D:4      | Gained mutation: You are covered in thick fur. (AC +2)
                  | [Felid growth]
  6517 | D:4      | Reached XP level 6. HP: 27/27 MP: 7/11
  6551 | D:4      | Found an ornate altar of the Wu Jian Council.
  6578 | D:4      | Reached skill level 3 in Spellcasting
  6578 | D:4      | Reached skill level 4 in Transmutations
  6579 | D:4      | HP: 3/27 [iguana (14)]
  7461 | D:4      | Found an iron altar of Okawaru.
  7498 | D:5      | Entered Level 5 of the Dungeon
  7779 | D:5      | Reached skill level 3 in Fighting
  8024 | D:5      | Reached XP level 7. HP: 31/31 MP: 8/12
  8203 | D:5      | Reached skill level 5 in Dodging
  8203 | D:5      | Reached skill level 5 in Transmutations
  8380 | D:5      | Found a staircase to the Ecumenical Temple.
  8431 | Temple   | Entered the Ecumenical Temple
  8876 | D:5      | Reached skill level 5 in Unarmed Combat
  9571 | D:6      | Reached skill level 6 in Transmutations
  9708 | D:6      | Reached skill level 4 in Fighting
  9708 | D:6      | Reached XP level 8. HP: 31/35 MP: 10/13
  9772 | D:6      | Found Ytuil's Antique Armour Shoppe.
  9774 | D:6      | Found a runed gate.
  9774 | D:6      | Found a runed gate.
  9775 | D:6      | Found a runed gate.
  9777 | D:6      | Noticed Tinylith's ghost (novice DsFi)
  9973 | D:6      | Found a sparkling altar of Nemelex Xobeh.
  9996 | D:6      | Became a worshipper of Nemelex Xobeh the Trickster
 10070 | D:6      | Found an iron altar of Okawaru.
 10396 | D:6      | Noticed a kobold demonologist
 10416 | D:6      | Slain by a chaos spawn
 10417 | D:6      | Reached XP level 7. HP: -4/31 MP: 7/12
 10424 | D:6      | Killed a kobold demonologist
 10424 | D:6      | Reached skill level 6 in Unarmed Combat
 10424 | D:6      | Reached skill level 7 in Transmutations
 10600 | D:6      | Learned a level 5 spell: Blade Hands
 10729 | D:7      | Noticed Pikel
 10905 | D:7      | Received a gift from Nemelex Xobeh
 11139 | D:7      | Reached skill level 8 in Transmutations
 11249 | D:7      | Found a hazy altar of Hepliaklqana.
 11279 | D:7      | HP: 2/32 [worker ant (6)]
 11280 | D:7      | Reached XP level 8. HP: 3/36 MP: 13/13
 11281 | D:7      | Slain by a killer bee zombie
 11282 | D:7      | Reached XP level 7. HP: -4/32 MP: 12/12
 11398 | D:7      | Killed Pikel
 11398 | D:7      | Reached skill level 7 in Unarmed Combat
 11398 | D:7      | Reached skill level 9 in Transmutations
 11398 | D:7      | Reached XP level 8. HP: 21/36 MP: 4/13
 11533 | D:7      | Killed Dowan
 11573 | D:7      | Noticed Duvessa
 11584 | D:7      | Killed Duvessa
 12291 | D:8      | Found Edynnal's Gadget Boutique.
 12332 | D:8      | Reached * piety under Nemelex Xobeh
 12347 | D:8      | Reached skill level 8 in Unarmed Combat
 12923 | D:8      | Reached skill level 9 in Unarmed Combat
 13139 | D:8      | Found Xauchasa's Assorted Antiques.
 13156 | D:8      | Bought a scroll labeled ESMIXI KUXKIG for 26 gold pieces
 13156 | D:8      | Bought a scroll labeled ZAEN VYGENTODI for 26 gold pieces
 13165 | D:8      | Received a gift from Nemelex Xobeh
 13183 | D:8      | Reached XP level 9. HP: 26/39 MP: 9/14
 13457 | D:8      | Found Hoalip's Food Shoppe.
 13480 | D:8      | Found Fekoil's Book Boutique.
 13488 | D:8      | Bought a book of Cantrips for 220 gold pieces
 13490 | D:8      | Learned a level 1 spell: Confusing Touch
 13492 | D:8      | Learned a level 1 spell: Animate Skeleton
 13502 | D:8      | Found a bloodstained altar of Trog.
 13669 | D:9      | Reached skill level 1 in Hexes
 13669 | D:9      | Reached skill level 1 in Invocations
 14044 | D:9      | Received a gift from Nemelex Xobeh
 14053 | D:9      | Reached skill level 2 in Hexes
 14071 | D:9      | Reached ** piety under Nemelex Xobeh
 14480 | D:9      | Found a white marble altar of Elyvilon.
 14519 | D:9      | Found a staircase to the Lair.
 14553 | D:9      | Received a gift from Nemelex Xobeh
 15464 | D:10     | Entered Level 10 of the Dungeon
 15467 | D:10     | Reached skill level 2 in Invocations
 15540 | D:10     | Reached skill level 6 in Dodging
 15796 | D:10     | Noticed a wizard
 15798 | D:10     | Cast into level 3 of the Abyss (a wizard)
 15829 | D:10     | Escaped the Abyss
 15835 | D:10     | Reached skill level 3 in Hexes
 15843 | D:10     | Killed a wizard
 15895 | D:10     | Noticed a komodo dragon
 15923 | D:10     | Killed a komodo dragon
 16375 | D:10     | Reached skill level 5 in Fighting
 16524 | D:10     | Reached skill level 4 in Spellcasting
 16524 | D:10     | Reached XP level 10. HP: 44/44 MP: 14/17
 16933 | D:10     | Reached skill level 4 in Hexes
 16933 | D:10     | Reached skill level 10 in Transmutations
 17053 | D:10     | Reached skill level 3 in Invocations
 17103 | D:10     | Found Qoxaxun's Antique Weapon Boutique.
 17597 | D:10     | Reached skill level 7 in Dodging
 18850 | D:10     | Found a staircase to the Orcish Mines.
 18850 | D:10     | HP: 6/45 [orc priest/divine providence (15)]
 19395 | D:10     | Reached skill level 4 in Invocations
 19607 | Lair:1   | Entered Level 1 of the Lair of Beasts
 19618 | Lair:1   | Learned a level 4 spell: Ice Form
 19721 | Lair:1   | Reached skill level 6 in Fighting
 19721 | Lair:1   | Reached skill level 10 in Unarmed Combat
 20109 | Lair:1   | Noticed a spiny frog
 20117 | Lair:1   | Killed a spiny frog
 20117 | Lair:1   | Reached skill level 8 in Dodging
 20515 | Lair:1   | Noticed an eight-headed hydra
 20531 | Lair:1   | HP: 2/54 [eight-headed hydra (15)]
 20531 | Lair:1   | Mangled by an eight-headed hydra
 20532 | Lair:1   | Reached XP level 9. HP: -7/49 MP: 15/16
 20551 | Lair:1   | Noticed a spiny frog
 20775 | Lair:1   | Reached skill level 5 in Hexes
 20951 | Lair:1   | Reached XP level 10. HP: 29/45 MP: 10/17
 21543 | Lair:1   | Noticed an elephant
 21544 | Lair:1   | Noticed an elephant
 21545 | Lair:1   | Noticed an elephant
 21546 | Lair:1   | an elephant changed into a yaktaur
 21546 | Lair:1   | an elephant changed into a wind drake
 21546 | Lair:1   | Noticed a mana viper
 21546 | Lair:1   | an elephant changed into a mana viper
 21559 | Lair:1   | Reached skill level 5 in Invocations
 21567 | Lair:1   | Killed a mana viper
 21942 | Lair:1   | Killed a spiny frog
 21969 | Lair:1   | Noticed a spark wasp
 21969 | Lair:1   | an eight-headed hydra changed into a spark wasp
 21978 | Lair:1   | HP: 3/46 [spark wasp/living lightning (17)]
 21981 | Lair:1   | Noticed a death drake
 21981 | Lair:1   | a spark wasp changed into a death drake
 21983 | Lair:1   | Killed from afar by a death drake

Vault maps used:
D:1:      matt_arrival_los_fun, dk_noncrumbling_3
D:2:      kiku_gazebo_garden_becter
D:3:      minitemple, uniq_jessica
D:4:      kennysheep_mini_moat, minivault_24, okawaru_altar_gauntlet_db
D:5:      temple_pool_b, first_ration
D:6:      overflow_temple_1_default, nicolae_overflow_crystal_walls,
          gammafunk_ghost_split, serial_shops, nicolae_shop_overgrown_old_shop,
          minmay_manual_mullet
D:7:      basic_altar, uniq_pikel, uniq_duvessa
D:8:      lightli_temple_of_fire, serial_shops,
          nicolae_shop_temple_entry_statues_fountains, nicolae_shop_statue_plus,
          shop_fountains, kennysheep_mini, grunt_ogre_cave,
          minmay_misc_feat_more_columns
D:9:      elyvilon_altar_5, lair_entry_dummy, minmay_diced_spiral
D:10:     david_orc_4, serial_shops, nicolae_shop_crystal, minmay_diamond_spiral
Temple:   nicolae_temple_no_exploring_needed
Lair:1:   serial_bayou_crossing
Abyss:3:  evilmike_abyss_exit_plants, nicolae_abyss_rune_star_stuff,
          hangedman_abyss_or_decor_lesser_grid

Skill      XL: |  1  2  3  4  5  6  7  8  9 10 |
---------------+-------------------------------+-----
Dodging        | 3 4 5 6 8 |  8.7
Fighting       | 2 3 4 5 6 |  6.7
Transmutations | 3 4 9 10 | 10.0
Unarmed Combat | 4 7 9 10 | 10.4
Spellcasting   | 3 4 |  4.0
Hexes          | 5 4 |  5.0
Invocations    | 2 5 |  5.1

Action                   |  1- 3 |  4- 6 |  7- 9 | 10-12 || total
-------------------------+-------+-------+-------+-------++-------
Melee: Unarmed           |   105 |   224 |   382 |   168 ||   879
       Headbutt          |     8 |     4 |       |       ||    12
       Bite              |     7 |     8 |    27 |    16 ||    58
       Punch             |     2 |       |     4 |     3 ||     9
 Cast: Beastly Appendage |    27 |    16 |       |       ||    43
       Sticks to Snakes  |     2 |     8 |    19 |    13 ||    42
       Spider Form       |       |    37 |    18 |     2 ||    57
       Blade Hands       |       |       |    50 |    30 ||    80
       Confusing Touch   |       |       |     5 |     2 ||     7
       Animate Skeleton  |       |       |     1 |       ||     1
       Ice Form          |       |       |       |     1 ||     1
 Abil: Draw Destruction  |       |       |     4 |    10 ||    14
       Draw Escape       |       |       |     1 |       ||     1
       Draw Summoning    |       |       |       |     3 ||     3
Evoke: Wand              |       |       |     4 |       ||     4
  Use: Scroll            |     1 |     7 |    12 |     1 ||    21
       Potion            |       |       |       |     1 ||     1
 Stab: Sleeping          |     2 |     5 |     5 |       ||    12
       Confused          |       |       |     2 |     4 ||     6
       Distracted        |       |       |       |     1 ||     1
  Eat: Chunk             |    10 |    16 |    41 |    29 ||    96
Armor: Skin              |     6 |     9 |    13 |     6 ||    34
Dodge: Dodged            |    95 |   201 |   285 |   133 ||   714

Table legend:
 A = Non-vault XP
 B = Vault XP
 C = Vault XP percentage of total XP
 D = Non-vault monster count
 E = Vault monster count
 F = Vault count percentage of total count
                 A         B        C        D         E       F
            +---------+---------+-------+---------+---------+-------
      Total |   10508 |    3631 |  25.7 |     229 |      38 |  14.2
            +---------+---------+-------+---------+---------+-------
        D:1 |      39 |       0 |   0.0 |      22 |       0 |   0.0
        D:2 |     107 |       0 |   0.0 |      30 |       0 |   0.0
        D:3 |     128 |      37 |  22.4 |      22 |       2 |   8.3
        D:4 |     174 |       9 |   4.9 |      16 |       5 |  23.8
        D:5 |     625 |       0 |   0.0 |      20 |       0 |   0.0
        D:6 |     558 |     367 |  39.7 |      20 |       3 |  13.0
        D:7 |     523 |     784 |  60.0 |      18 |       2 |  10.0
        D:8 |    1144 |     122 |   9.6 |      19 |       1 |   5.0
        D:9 |     955 |     463 |  32.7 |      10 |       4 |  28.6
       D:10 |    1705 |    1849 |  52.0 |      29 |      21 |  42.0
     Lair:1 |    4550 |       0 |   0.0 |      23 |       0 |   0.0
            +---------+---------+-------+---------+---------+-------

Vault maps used:
D:1:      matt_arrival_los_fun, dk_noncrumbling_3
D:2:      kiku_gazebo_garden_becter
D:3:      minitemple, uniq_jessica
D:4:      kennysheep_mini_moat, minivault_24, okawaru_altar_gauntlet_db
D:5:      temple_pool_b, first_ration
D:6:      overflow_temple_1_default, nicolae_overflow_crystal_walls,
          gammafunk_ghost_split, serial_shops, nicolae_shop_overgrown_old_shop,
          minmay_manual_mullet
D:7:      basic_altar, uniq_pikel, uniq_duvessa
D:8:      lightli_temple_of_fire, serial_shops,
          nicolae_shop_temple_entry_statues_fountains, nicolae_shop_statue_plus,
          shop_fountains, kennysheep_mini, grunt_ogre_cave,
          minmay_misc_feat_more_columns
D:9:      elyvilon_altar_5, lair_entry_dummy, minmay_diced_spiral
D:10:     david_orc_4, serial_shops, nicolae_shop_crystal, minmay_diamond_spiral
Temple:   nicolae_temple_no_exploring_needed
Lair:1:   serial_bayou_crossing
Abyss:3:  evilmike_abyss_exit_plants, nicolae_abyss_rune_star_stuff,
          hangedman_abyss_or_decor_lesser_grid

Table legend:
 A = Turns spent in this place as a percentage of turns spent in the entire game.
 B = Non-inter-level travel turns spent in this place as a percentage of non-inter-level travel turns spent in the entire game.
 C = Inter-level travel turns spent in this place as a percentage of turns spent in this place.
 D = Turns resting spent in this place as a percentage of non-inter-level travel turns spent in this place.
 E = Turns spent auto-exploring this place as a percentage of non-inter-level travel turns spent in this place.
 F = Non-inter-level travel turns spent in this place divided by the number of levels of this place that you've seen.
                   A       B       C       D       E      F
               +-------+-------+-------+-------+-------+----------------------
         Total | 100.0 | 100.0 |   2.7 |  37.9 |  45.2 | 1645.2
       Dungeon |  89.9 |  89.9 |   2.7 |  36.0 |  47.1 | 1922.7
        Temple |   0.0 |   0.0 |   0.0 |   0.0 |   0.0 |   2.0
          Lair |  10.0 |   9.9 |   2.9 |  55.1 |  28.4 | 2127.0
         Abyss |   0.1 |   0.1 |   0.0 |   0.0 |   0.0 |  31.0
               +-------+-------+-------+-------+-------+----------------------

Table legend:
 A = Kills in this place as a percentage of kills in entire the game.
 B = Kills by you in this place as a percentage of kills by you in the entire game.
 C = Kills by friends in this place as a percentage of kills by friends in the entire game.
 D = Other kills in this place as a percentage of other kills in the entire game.
 E = Experience gained in this place as a percentage of experience gained in the entire game.
 F = Experience gained in this place divided by the number of levels of this place that you have seen.
                   A       B       C       D       E      F
               +-------+-------+-------+-------+-------+----------------------
         Total | 100.0 | 100.0 | 100.0 |   N/A | 100.0 | 1087.6
       Dungeon |  91.4 |  92.9 |  61.5 |   N/A |  67.8 | 958.9
          Lair |   8.6 |   7.1 |  38.5 |   N/A |  32.2 | 4550.0
               +-------+-------+-------+-------+-------+----------------------
